 Dungeon Crawl Stone Soup version 0.28-a0-998-gb9e9c7b67e (webtiles) character file.

Game seed: 10071093653081858498

1243 horus123 the Covert (level 8, -3/50 HPs)
             Began as an Octopode Brigand on Dec 6, 2021.
             Slain by an ogre (24 damage)
             ... on level 6 of the Dungeon.
             The game lasted 00:09:43 (4742 turns).

horus123 the Covert (Octopode Brigand)              Turns: 4742, Time: 00:09:44

Health: -3/50      AC:  5    Str: 10    XL:     8   Next: 50%
Magic:  15/15      EV: 15    Int: 13    God:
Gold:   217        SH:  0    Dex: 16    Spells: 3/16 levels left

rFire   . . .      SeeInvis .   a - +2 dagger
rCold   . . .      Faith    .   (no shield)
rNeg    . . .      Spirit   .   (helmet restricted)
rPois   .          Reflect  .   (no amulet)
rElec   .          Harm     .   i - +4 ring of protection
rCorr   .          Rampage  .   (no ring)
Will    .....                   (no ring)
Stlth   ++++++....              (no ring)
HPRegen 0.16/turn               (no ring)
MPRegen 0.14/turn               (no ring)
                                (no ring)
                                (no ring)

@: no status effects
A: almost no armour, amphibious, 8 rings, camouflage 1, gelatinous body 1,
(nimble swimmer 1), tentacles
a: no special abilities


You were on level 6 of the Dungeon.
You visited 1 branch of the dungeon, and saw 6 of its levels.

You collected 817 gold pieces.
You spent 600 gold pieces at shops.

Inventory:

Hand Weapons
 a - a +2 dagger (weapon)
Missiles
 b - 29 poisoned darts (quivered)
 c - 2 curare-tipped darts
 f - 3 javelins
Jewellery
 i - a +4 ring of protection (left tentacle)
Wands
 d - a wand of polymorph (9)
 q - a wand of mindburst (12)
Scrolls
 l - 2 scrolls of amnesia
 p - a scroll of fog
 s - 3 scrolls of teleportation
Potions
 e - a potion of berserk rage {unknown}
 g - a potion of curing
 h - a potion of cancellation {unknown}
 j - a potion of mutation {unknown}
 k - a potion of lignification {unknown}
 m - a potion of ambrosia {unknown}
 n - a potion of heal wounds {unknown}
 o - a potion of brilliance {unknown}
 r - a potion of might {unknown}


   Skills:
 - Level 2.0 Fighting
 - Level 5.3 Short Blades
 - Level 5.4 Throwing
 - Level 4.9 Dodging
 - Level 12.7 Stealth
 - Level 4.8 Spellcasting
 - Level 4.7 Hexes
 + Level 4.3 Poison Magic


You had 3 spell levels left.
You knew the following spells:

 Your Spells              Type           Power      Damage    Failure   Level
a - Slow                  Hex            60%        N/A       2%          1
b - Confusing Touch       Hex            15%        N/A       9%          3
c - Eringya's Noxious Bo  Tmut/Pois      4%         N/A       100%        6
d - Vampiric Draining     Necr           3%         2d6       50%         3

Your spell library contained the following spells:

 Spells                   Type           Power      Damage    Failure   Level
 Alistair's Intoxication  Tmut/Pois      5%         N/A       91%         5
 Borgnjor's Vile Clutch   Necr/Erth      1%         N/A       99%         5


Dungeon Overview and Level Annotations

Branches:
Dungeon (6/15)
 Temple: D:4-7

Altars:
Ru

Shops:
D:2 (   D:4 !


Innate Abilities, Weirdness & Mutations

You cannot wear most types of armour.
You are amphibious.
You can wear up to eight rings at the same time.
Your skin changes colour to match your surroundings (Stealth+).
Your rubbery body absorbs attacks. (AC +1, EV +1)
((You are camouflaged near water. (Stealth+)))
You have tentacles for arms and can constrict up to eight enemies at once.


Message History

The orc is almost dead.
You constrict the orc.
You kill the orc!
No target in view!
Things that are here:
a +0 dagger; a +0 robe
Things that are here:
a +0 flail; an orc corpse Done exploring.
Unknown command.
Done exploring.
(D) Dungeon
Where to? (Enter - D:5, ? - help)
What level of the Dungeon? (default 1, ? - help)
Items here: ))) [[ ††.
There is a stone staircase leading up here.
There is a stone staircase leading down here.
You climb downwards.
Found a glowing red potion, a robe and 18 gold pieces.
There is a stone staircase leading up here.
An ogre is nearby!
The ogre shouts!
A sky beast comes into view.
You barely miss the ogre. You squeeze the ogre, but do no damage.
The ogre hits you with a +0 giant club!
You hit the ogre.
The ogre is lightly wounded.
The ogre closely misses you.
You hit the ogre.
The ogre is moderately wounded.
You hit the ogre but do no damage.
The ogre is moderately wounded.
The ogre hits you with a +0 giant club.
You hit the ogre but do no damage. Your squeeze misses the ogre.
The ogre is moderately wounded.
You barely miss the ogre.
The ogre is moderately wounded.
The ogre hits you with a +0 giant club!
The ogre hits you with a +0 giant club!!
You die...

#.# .# ...
. #.#.#
#.#.##
#....# # #
#.#..#.#
#.##OY..!.#
#..@......#
####......#
#<.....#
#......#
#........
#.....[#.
#.....$#
#.#......
#.#.##.#.


You could see a sky beast and an ogre.

Vanquished Creatures
  Sigmund (D:2)
  An ogre (D:5)
  A scorpion (D:5)
  A water moccasin zombie (D:5)
  A bullfrog zombie (D:5)
  A centaur zombie (D:5)
  A jelly (D:5)
  2 orc priests (D:4)
  A hound (D:4)
  2 iguanas (D:4)
  Jessica (D:3)
  4 orc wizards
  Natasha (thrice) (D:2)
  A hound skeleton (D:5)
  4 adders
  4 worms
  A dart slug (D:5)
  8 orcs
  6 ball pythons
  7 bats
  5 endoplasms
  3 giant cockroaches
  2 hobgoblins
  12 jackals
  4 quokkas
  4 frilled lizards
  3 goblins
  3 kobolds
  A quokka skeleton (D:4)
  4 rats
92 creatures vanquished.

Vanquished Creatures (others)
  A plant (D:5)
1 creature vanquished.

Grand Total: 93 creatures vanquished

Notes
Turn   | Place    | Note
-------+----------+-------------------------------------------
     0 | D:1      | horus123 the Octopode Brigand began the quest for the Orb.
     0 | D:1      | Reached XP level 1. HP: 14/14 MP: 1/1
    43 | D:1      | Reached XP level 2. HP: 17/19 MP: 2/2
   119 | D:1      | Reached skill level 6 in Stealth
   381 | D:1      | Found a faded altar of an unknown god.
   584 | D:1      | Reached XP level 3. HP: 24/24 MP: 3/3
   797 | D:2      | Noticed Sigmund
   809 | D:2      | Killed Sigmund
   810 | D:2      | Reached skill level 5 in Throwing
   810 | D:2      | Reached XP level 4. HP: 16/29 MP: 4/4
   810 | D:2      | Reached XP level 5. HP: 19/34 MP: 5/5
   987 | D:2      | Noticed Natasha
   989 | D:2      | Killed Natasha
  1042 | D:2      | Found Toir's Weapon Shop.
  1044 | D:2      | Noticed Natasha
  1053 | D:2      | Killed Natasha
  1054 | D:2      | Reached XP level 6. HP: 26/39 MP: 6/6
  1251 | D:2      | Reached skill level 7 in Stealth
  1283 | D:2      | Noticed Natasha
  1290 | D:2      | Killed Natasha
  1445 | D:2      | Identified a scroll of acquirement
  1445 | D:2      | Acquired 632 gold pieces
  1639 | D:3      | Learned a level 1 spell: Slow
  1643 | D:3      | Learned a level 3 spell: Confusing Touch
  1748 | D:3      | Noticed Jessica
  1756 | D:3      | Killed Jessica
  1803 | D:3      | Reached skill level 1 in Spellcasting
  2103 | D:4      | Found Ahit's Distillery.
  2113 | D:4      | Bought a potion of experience for 600 gold pieces
  2113 | D:4      | Reached skill level 5 in Short Blades
  2113 | D:4      | Reached skill level 12 in Stealth
  2113 | D:4      | Reached XP level 7. HP: 45/45 MP: 7/14
  2182 | D:4      | Learned a level 6 spell: Eringya's Noxious Bog
  2186 | D:4      | Learned a level 3 spell: Vampiric Draining
  2352 | D:4      | Reached skill level 1 in Poison Magic
  2587 | D:4      | Found a sacrificial altar of Ru.
  3257 | D:5      | Entered Level 5 of the Dungeon
  3382 | D:5      | Reached XP level 8. HP: 40/50 MP: 15/15
  4742 | D:6      | Slain by an ogre

Illustrated notes

Levels and vault maps discovered:
D:1:      lightli_arrival_quake, layout_loops_ring,
          chequers_ecumenical_altar_grove, st_stairs_4, supply_closet_lemuel
D:2:      layout_basic, serial_shops, shop,
          hangedman_abyss_or_decor_lesser_grid, uniq_natasha, uniq_sigmund
D:3:      layout_basic, st_stairs_1, corner_web_ring,
          chequers_serial_rivers_small_3, uniq_jessica
D:4:      layout_basic, marbit_many_paths, serial_shops,
          nicolae_shop_advertising_works [nicolae_subvault_shop_adworks],
          serial_bayou_pond_b
D:5:      layout_loops_ring, serial_co_window_serial, co_window_paths_a,
          co_window_cross_1, co_window_of_opportunity_a, co_window_corner_a,
          co_window_corner_a, co_window_corner_a, co_window_paths_b,
          co_window_unsneaky_path_e, co_window_broadway_b,
          co_window_of_opportunity_b, co_window_corner_cb,
          co_window_of_opportunity_c, co_window_of_opportunity_b,
          co_window_paths_e, glass_columns_c, glass_columns_a, glass_columns_a,
          glass_columns_b, serial_bayou_pond_a, corexii_item_surrounded_by_moat
D:6:      layout_loops_cross, minmay_temple_entry_nine_rooms,
          chequers_serial_rivers_room_a, nicolae_shop_sticking_my_neck_out

Skill      XL: |  1  2  3  4  5  6  7  8 |
---------------+-------------------------+-----
Stealth        | 6 12 | 12.7
Throwing       | 5 |  5.4
Spellcasting   | 4 |  4.8
Short Blades   | 5 |  5.3
Dodging        | 4 |  4.9
Hexes          | 4 |  4.7
Poison Magic   | 2 4 |  4.3
Fighting       | |  2.0

Action                   |  1- 3 |  4- 6 |  7- 9 || total
-------------------------+-------+-------+-------++-------
Melee: Dagger            |    33 |    50 |   112 ||   195
       Constrict         |     7 |    11 |    19 ||    37
       Tentacles         |     3 |     8 |    28 ||    39
       Unarmed           |     4 |       |       ||     4
Throw: Javelin           |    10 |       |       ||    10
       Dart              |       |     9 |    13 ||    22
  Use: Scroll            |     4 |     6 |     1 ||    11
       Potion            |       |     1 |     3 ||     4
 Stab: Sleeping          |    11 |    16 |    10 ||    37
       Distracted        |       |       |     1 ||     1
Armor: Skin              |       |     6 |    10 ||    16
Dodge: Dodged            |    14 |    15 |    55 ||    84

Table legend: (Time is in decaauts)
 A = Elapsed time spent in this place.
 B = Non-inter-level travel time spent in this place.
 C = Inter-level travel time spent in this place.
 D = Time resting spent in this place.
 E = Time spent auto-exploring this place.
 F = Levels seen in this place.
 G = Mean time per level.
                   A        B        C        D        E       F      G
               +--------+--------+--------+--------+--------+-----+--------+
         Total |   4710 |   4564 |    146 |      0 |   3859 |   6 |  785.0 |
       Dungeon |   4710 |   4564 |    146 |      0 |   3859 |   6 |  785.0 |
               +--------+--------+--------+--------+--------+-----+--------+

Top non-repeatable levels by time:
     D:5: 1459 daAuts
     D:4: 1202 daAuts
     D:1: 794 daAuts
     D:2: 660 daAuts
     D:3: 586 daAuts
     D:6: 7 daAuts
